 Dungeon Crawl Stone Soup version 0.20.1-1-g8b1a95d (webtiles) character file.

130 mmigdal the Skirmisher (level 4, 0/37 HPs)
             Began as a Demonspawn Abyssal Knight on Nov 1, 2017.
             Was a Believer of Lugonu.
             Slain by an iguana (13 damage)
             ... on level 3 of the Dungeon.
             The game lasted 00:11:15 (2582 turns).

mmigdal the Skirmisher (Demonspawn Abyssal Knight)  Turns: 2582, Time: 00:11:16

Health: 0/37       AC:  3    Str: 13    XL:     4   Next: 90%
Magic:  5/5        EV: 11    Int: 13    God:    Lugonu [**....]
Gold:   129        SH:  0    Dex: 13    Spells: 3/3 levels left

rFire    . . .     SeeInvis .   a - +1 falchion
rCold    . . .     Gourm    .   (no shield)
rNeg     . . .     Faith    .   b - +0 leather armour
rPois    .         Spirit   .   (no helmet)
rElec    .         Reflect  .   (no cloak)
rCorr    .         Harm     .   (no gloves)
MR       .....                  (no boots)
Stlth    +.........             (no amulet)
Regen    0.2/turn               (no ring)
MPRegen  0.1/turn               (no ring)

@: no status effects
A: talons 1, spiny 1
a: Depart the Abyss, Bend Space, Renounce Religion


You were on level 3 of the Dungeon.
You worshipped Lugonu.
Lugonu was pleased with you.
You were not hungry.

You visited 1 branch of the dungeon, and saw 3 of its levels.
You visited the Abyss 1 time.

You collected 129 gold pieces.

Inventory:

Hand Weapons
 a - a +1 falchion (weapon)
Missiles
 d - 55 sling bullets
 h - 40 stones (quivered)
 l - 3 tomahawks
Armour
 b - a +0 leather armour (worn)
Scrolls
 f - a scroll of fear {unknown}
 g - a scroll of teleportation {unknown}
 i - a scroll of enchant armour {unknown}
 j - a scroll of blinking {unknown}
 k - a scroll of remove curse {unknown}
 n - a scroll of recharging {unknown}
Potions
 e - 3 potions of curing
 r - a potion of magic {unknown}
Comestibles
 c - 2 bread rations
 m - 4 fruits
 o - 2 royal jellies
 p - 5 chunks of flesh
 q - a meat ration


   Skills:
 + Level 4.0 Fighting
 + Level 2.8 Long Blades
 + Level 0.5 Throwing
 + Level 2.5 Armour
 + Level 1.4 Dodging
 + Level 0.2 Stealth
 + Level 2.6 Invocations


You had 3 spell levels left.
You didn't know any spells.

Dungeon Overview and Level Annotations

Branches:
Dungeon (3/15)

Altars:
Dithmenos
Kikubaaqudgha


Innate Abilities, Weirdness & Mutations

You have sharp toenails.
You are partially covered in sharp spines.


Message History

The iguana bites you!
You barely miss the iguana. You claw the iguana.
The iguana is lightly wounded.
The iguana is struck by your spines. The iguana barely misses you.
You barely miss the iguana. Your kick misses the iguana.
The iguana is heavily wounded.
The iguana bites you.
You closely miss the iguana. Your kick misses the iguana.
The iguana is heavily wounded.
The iguana barely misses you.
You barely miss the iguana.
The iguana is heavily wounded.
The iguana is struck by your spines. The iguana misses you.
You closely miss the iguana. You claw the iguana.
The iguana is severely wounded.
The iguana bites you.
You hit the iguana. Your kick misses the iguana.
The iguana is almost dead.
The iguana bites you. The iguana bites you!
You die...

## ##....# ...
#....## ....#.....#
..........#
.#........##
...........########
##.................
##....#...########
###......ol@)..#
.........####.....
....##...... ##.
..... #._......
..... ##.........
.. #........S
##........
#?......b


You could see an iguana and an orc.

Vanquished Creatures
  Natasha (D:2)
  4 adders
  An ooze (D:1)
  2 dart slugs
  9 orcs
  A ball python (D:2)
  3 giant cockroaches
  A goblin (D:1)
  7 hobgoblins
  4 jackals (D:2)
  8 bats
  4 frilled lizards
  4 kobolds (D:1)
  6 rats
55 creatures vanquished.

Notes
Turn   | Place    | Note
-------+----------+-------------------------------------------
     0 | Abyss:1  | mmigdal the Demonspawn Abyssal Knight began the quest for the Orb.
     0 | Abyss:1  | Reached XP level 1. HP: 18/18 MP: 2/2
    43 | Abyss:1  | Noticed a chaos spawn
    55 | D:1      | Escaped the Abyss
   374 | D:1      | Reached * piety under Lugonu
   666 | D:1      | Gained mutation: You are partially covered in sharp spines. [demonic ancestry]
   666 | D:1      | Reached XP level 2. HP: 23/24 MP: 3/3
  1293 | D:1      | Reached XP level 3. HP: 26/30 MP: 4/4
  1459 | D:2      | Reached skill level 1 in Dodging
  1475 | D:2      | Noticed Natasha
  1485 | D:2      | Killed Natasha
  1571 | D:2      | Gained mutation: You have sharp toenails. [demonic ancestry]
  1571 | D:2      | Reached XP level 4. HP: 29/37 MP: 5/5
  1676 | D:2      | Reached skill level 4 in Fighting
  1837 | D:2      | Found a shadowy altar of Dithmenos.
  2551 | D:3      | Found an ancient bone altar of Kikubaaqudgha.
  2564 | D:3      | Reached ** piety under Lugonu
  2582 | D:3      | Slain by an iguana

Skill      XL: |  1  2  3  4 |
---------------+-------------+-----
Armour         | 2 |  2.5
Long Blades    | 2 |  2.8
Dodging        | 1 |  1.4
Fighting       | 4 |  4.0
Throwing       | |  0.5
Stealth        | |  0.2
Invocations    | |  2.6

Action                   |  1- 3 |  4- 6 || total
-------------------------+-------+-------++-------
Melee: Falchion          |    74 |    45 ||   119
       Kick              |       |    13 ||    13
Throw: Stone             |    10 |    28 ||    38
Invok: Depart the Abyss  |     1 |       ||     1
  Eat: Chunk             |     2 |     3 ||     5
Armor: Leather armour    |    12 |     7 ||    19
Dodge: Dodged            |    43 |    28 ||    71
       Rpst.: Falchion   |    13 |    12 ||    25
